 Dungeon Crawl Stone Soup version 0.31.0-32-g396128a36d (webtiles) character file.

Game seed: 3906821135457988625

305 Marvel the Sneak (level 6, -7/38 HPs)
             Began as an Octopode Fighter on Mar 15, 2024.
             Was an Initiate of Dithmenos.
             Mangled by an ice beast (12 damage)
             ... on level 5 of the Dungeon.
             The game lasted 00:06:01 (3051 turns).

Marvel the Sneak (Octopode Fighter)                 Turns: 3051, Time: 00:06:02

Health: -7/38      AC:  1    Str: 14    XL:     6   Next: 39%
Magic:  6/6        EV: 14    Int:  9    God:    Dithmenos [......]
Gold:   47         SH:  6    Dex: 18    Spells: 5/5 levels left

rFire   . . .        a - +1 rapier
rCold   . . .        b - +1 buckler
rNeg    . . .        (helmet restricted)
rPois   .            (no amulet)
rElec   .            (no ring)
rCorr   .            (no ring)
SInv    .            (no ring)
Will    .....        (no ring)
Stlth   ++++         (no ring)
HPRegen 0.26/turn    (no ring)
MPRegen 0.10/turn    (no ring)
                     (no ring)

%: no passive effects
@: no status effects
A: almost no armour, amphibious, 8 rings, camouflage 1, gelatinous body 1,
(nimble swimmer 1), tentacles, agile 1, frail 1, screaming 1
a: Renounce Religion


You were on level 5 of the Dungeon.
You worshipped Dithmenos.
Dithmenos was noncommittal.
You visited 2 branches of the dungeon, and saw 6 of its levels.

You collected 150 gold pieces.
You spent 103 gold pieces at shops.

Inventory:

Hand Weapons
 a - a +1 rapier (weapon)
Missiles
 d - 4 boomerangs
 l - 8 poisoned darts (quivered)
Armour
 b - a +1 buckler (worn)
Jewellery
 k - an amulet of the acrobat
 o - a ring of willpower
 r - a ring of fire
 u - an amulet of regeneration
Wands
 m - a wand of acid (5)
Scrolls
 g - 3 scrolls of immolation {unknown}
 h - a scroll of enchant weapon
 n - a scroll of amnesia {unknown}
 p - 3 scrolls of identify
 q - a scroll of enchant armour
 s - 2 scrolls of fog
 v - a scroll of teleportation {unknown}
Potions
 c - a potion of might
 j - 2 potions of curing {unknown}
 t - a potion of degeneration {unknown}
 w - 2 potions of cancellation {unknown}


   Skills:
 + Level 3.8 Fighting
 + Level 4.0 Short Blades
 + Level 3.5 Dodging
 + Level 4.6 Stealth
 + Level 3.7 Shields


You had 5 spell levels left.
You didn't know any spells.
Your spell library contained the following spells:

 Spells                   Type           Power      Damage    Failure   Level
 Jinxbite                 Hex            0%         N/A       63%         2
 Yara's Violent Unravell  Hex/Alch       0%         3d3       100%        5
 Enfeeble                 Hex            0%         N/A       100%        7


Dungeon Overview and Level Annotations

Branches:
Dungeon (5/15)             Temple (1/1) D:4

Altars:
Ashenzari
Cheibriados
Dithmenos
Fedhas
Gozag
Hepliaklqana
Makhleb
Nemelex Xobeh
Okawaru
Sif Muna
Trog
Vehumet
Wu Jian
Xom
Yredelemnul
Zin

Shops:
D:3 [?*?


Innate Abilities, Weirdness & Mutations

You cannot wear most types of armour.
You are amphibious.
You can wear up to eight rings at the same time.
Your skin changes colour to match your surroundings (Stealth+).
Your rubbery body absorbs attacks. (AC +1, EV +1)
((You are camouflaged when in or above water. (Stealth+)))
You have tentacles for arms and can constrict up to eight enemies at once.
You are agile. (Dex +4, Str/Int -1)
You are frail. (-10% HP)
You occasionally shout uncontrollably at your foes.


Message History

The white imp shouts, "Bolt, thou bootless doghearted bandersnitch!"
You hear a shout!
There is an open door here.
The white imp hits you. The white imp freezes you.
You puncture the white imp! Your grab misses the white imp.
The white imp is severely wounded.
The white imp gestures at you. The puff of frost misses you.
You closely miss the white imp. Your grab misses the white imp.
Your squeeze misses the white imp.
The white imp is severely wounded.
You block the white imp's attack.
You hit the white imp but do no damage. You grab the white imp.
Your squeeze misses the white imp.
The white imp is severely wounded.
You constrict the white imp, but do no damage.
The white imp gestures at you. The puff of frost misses you.
You release your grip on the white imp.
There is an open door here.
You closely miss the ice beast. Your squeeze misses the ice beast.
The ice beast barely misses you.
You hit the ice beast.
The ice beast is lightly wounded.
The ice beast hits you. The ice beast freezes you!
The white imp laughs crazily.
You closely miss the ice beast. Your squeeze misses the ice beast.
The ice beast is lightly wounded.
You block the ice beast's attack.
You hit the ice beast but do no damage.
You squeeze the ice beast, but do no damage.
The ice beast is lightly wounded.
The ice beast hits you. The ice beast freezes you!
* * * LOW HITPOINT WARNING * * *
You hit the ice beast.
The ice beast is lightly wounded.
The ice beast hits you.
* * * LOW HITPOINT WARNING * * *
The ice beast freezes you!
You die...

>. #... #
...#... .
..#...#.
###.....#####
............#
.....⌠......#
............#
#....Y###
+#...#@.##
#...#...#
#...##.<#
#... ####
##.. ###


You could see an ice beast.

Vanquished Creatures
  A hound (D:4)
  Crazy Yiuf (D:3)
  An orc priest (D:4)
  2 iguanas (D:4)
  2 orc wizards (D:4)
  6 adders
  2 dart slugs
  3 ribbon worms
  An orc (D:4)
  3 ball pythons
  3 bats
  9 endoplasms
  2 giant cockroaches
  5 goblins
  3 hobgoblins
  2 jackals (D:4)
  3 quokkas
  A frilled lizard (D:3)
  4 kobolds
  5 rats
59 creatures vanquished.

Notes
Turn   | Place    | Note
-------+----------+-------------------------------------------
     0 | D:1      | Marvel the Octopode Fighter began the quest for the Orb.
     0 | D:1      | Reached XP level 1. HP: 16/16 MP: 1/1
   309 | D:1      | Reached XP level 2. HP: 21/21 MP: 2/2
   779 | D:2      | Reached XP level 3. HP: 22/26 MP: 3/3
   920 | D:2      | Reached skill level 1 in Stealth
  1251 | D:3      | Found Cyinnat's Armour Shoppe.
  1354 | D:3      | Reached XP level 4. HP: 28/31 MP: 4/4
  1380 | D:3      | Found Heequche's Assorted Antiques.
  1392 | D:3      | Bought a scroll labelled IBAPTOUJOZA for 27 gold pieces
  1392 | D:3      | Bought a scroll labelled ODEOPNINNE for 27 gold pieces
  1392 | D:3      | Bought a scroll labelled WUTWEB FUFUM for 27 gold pieces
  1405 | D:3      | Found Wezuabyn's Magic Scroll Shop.
  1414 | D:3      | Bought a scroll of identify for 22 gold pieces
  1574 | D:3      | Found a runed translucent door.
  1575 | D:3      | Noticed Crazy Yiuf
  1992 | D:3      | Found Dureinei's Magic Scroll Shoppe.
  2117 | D:3      | Killed Crazy Yiuf
  2269 | D:4      | Reached XP level 5. HP: 36/36 MP: 5/5
  2289 | D:4      | Found a radiant altar of Vehumet.
  2734 | D:4      | Found a staircase to the Ecumenical Temple.
  2822 | Temple   | Entered the Ecumenical Temple
  2831 | Temple   | Became a worshipper of Dithmenos the Shadowed
  2899 | D:4      | Gained mutation: You occasionally shout uncontrollably at
                  | your foes. [potion of mutation]
  2899 | D:4      | Gained mutation: You are frail. (-10% HP) [potion of
                  | mutation]
  2899 | D:4      | Gained mutation: You are agile. (Dex +4, Str/Int -1)
                  | [potion of mutation]
  2914 | D:4      | Reached XP level 6. HP: 38/38 MP: 6/6
  3038 | D:5      | Entered Level 5 of the Dungeon
  3041 | D:5      | Noticed an ice beast
  3051 | D:5      | Mangled by an ice beast

Illustrated notes

Levels and vault maps discovered:
D:1:      minmay_arrival_shattered_statue, layout_loops_ring, serial_forest,
          infiniplex_forest_end_3, infiniplex_forest_clump_cross,
          infiniplex_forest_end_1, infiniplex_forest_clump_diagonal,
          infiniplex_forest_clump_large, infiniplex_forest_straight_3,
          infiniplex_forest_straight_1, minmay_tiny_reverse_x
D:2:      layout_basic, kennysheep_nub
D:3:      layout_loops_ring, serial_shops, shop, nicolae_shop_rolled_up, shop,
          nicolae_shop_competitors_out_of_business, grunt_ministairs_15,
          moated_statue, uniq_crazy_yiuf_cottage
D:4:      layout_basic, vehumet_crystals, minmay_temple_entry_fiery
D:5:      nicolae_BIG_FREAKIN_CUBE, layout_loops_corners, serial_shops,
          nicolae_shop_pleasant_corner_grove, grunt_ministairs_6
Temple:   minmay_freezing_vapour_temple

Skill      XL: |  1  2  3  4  5  6 |
---------------+-------------------+-----
Stealth        | 1 3 4 |  4.6
Short Blades   | 3 4 |  4.0
Fighting       | |  3.8
Dodging        | |  3.5
Shields        | |  3.7

Action                     |  1- 3 |  4- 6 || total
---------------------------+-------+-------++-------
  Melee: Rapier            |    52 |    78 ||   130
         Constrict         |    10 |    12 ||    22
         Tentacles         |     8 |    12 ||    20
         Punch             |       |     1 ||     1
  Throw: Dart              |       |     3 ||     3
    Use: Scroll            |     3 |     3 ||     6
         Potion            |       |     3 ||     3
   Stab: Sleeping          |    11 |     7 ||    18
         Distracted        |       |     1 ||     1
 Armour: Skin              |    16 |    43 ||    59
  Dodge: Dodged            |    26 |    24 ||    50
  Block: Buckler           |    18 |    14 ||    32
